| TOP OF THE 1ST |
|
Quad Cities Angels batting - Pitching for Appleton Foxes : RHP Mike Trujillo
|
|
Pitching: RHP Mike Trujillo
|
|
|
Batting: SHB Frank Diaz
|
0-0: Called Strike 0-1: Foul Ball, location: 2RF, Error on foul ball, E2 0-2: Fly out, F8 (Flyball, 8RD, EV 87.5 MPH)
|
|
Batting: RHB Rolando Roomes
|
0-0: Called Strike 0-1: Fly out, F5 (Line Drive, 5, EV 68.8 MPH)
|
|
Batting: RHB Dionisio DeJesus
|
0-0: SINGLE (Flyball, 9S, EV 87.5 MPH)
|
|
Batting: LHB Bob Helsom
|
0-0: Called Strike 0-1: Ball 1-1: Ball 2-1: Foul Ball, location: 2F 2-2: Fly out, F9 (Line Drive, 9D, EV 98.8 MPH)
|
| Top of the 1st over - 0 runs, 1 hit, 1 error, 1 left on base; Quad Cities 0 - Appleton 0 |
| BOTTOM OF THE 1ST |
|
Appleton Foxes batting - Pitching for Quad Cities Angels : LHP Casey Hagan
|
|
Pitching: LHP Casey Hagan
|
|
|
Batting: SHB Matt Gallegos
|
0-0: Called Strike 0-1: Swinging Strike 0-2: Foul Ball, location: 2F 0-2: Ball 1-2: Ball 2-2: SINGLE (Groundball, 23, EV 65.6 MPH) (infield hit)
|
|
Batting: RHB George Hinshaw
|
0-0: Called Strike 0-1: Ball 1-1: SINGLE (Flyball, 4MD, EV 93.1 MPH) Matt Gallegos to second
|
|
Batting: RHB Robert Gilles
|
0-0: Swinging Strike 0-1: Swinging Strike 0-2: 3-RUN HOME RUN (Flyball, 78XD, EV 100.6 MPH), Distance : 421 ft
|
|
Batting: RHB Douglas Lulay
|
0-0: Ball 1-0: Foul Ball, location: 2F 1-1: Called Strike 1-2: Strikes out swinging
|
|
Batting: RHB Victor Mata
|
0-0: Ground out 5-3 (Groundball, 56, EV 83.1 MPH)
|
|
Batting: RHB Philip Sutton
|
0-0: Ball 1-0: DOUBLE (Line Drive, 9LM, EV 106.9 MPH)
|
|
Batting: LHB John Csefalvay
|
0-0: Called Strike 0-1: Ball 1-1: Ball Wild Pitch! Philip Sutton to third 2-1: Called Strike 2-2: Ball 3-2: Foul Ball, location: 2F 3-2: Base on Balls
|
|
Batting: LHB Brian Zell
|
0-0: Ball 1-0: Foul Ball, location: 2F 1-1: Ball 2-1: Ball 3-1: Foul Ball, location: 2F 3-2: Strikes out looking
|
| Bottom of the 1st over - 3 runs, 4 hits, 0 errors, 2 left on base; Quad Cities 0 - Appleton 3 |
| TOP OF THE 2ND |
|
Quad Cities Angels batting - Pitching for Appleton Foxes : RHP Mike Trujillo
|
|
Batting: RHB Mike Sharperson
|
0-0: Ball 1-0: Called Strike 1-1: Swinging Strike 1-2: Ground out 6-3 (Groundball, 6, EV 108.8 MPH)
|
|
Batting: LHB Chuck Sandberg
|
0-0: Called Strike 0-1: Ball 1-1: Fly out, F3 (Line Drive, 3, EV 66.9 MPH)
|
|
Batting: RHB Oscar Mejia
|
0-0: Ground out 5-3 (Groundball, 56, EV 78.1 MPH)
|
| Top of the 2nd over - 0 runs, 0 hits, 0 errors, 0 left on base; Quad Cities 0 - Appleton 3 |
| BOTTOM OF THE 2ND |
|
Appleton Foxes batting - Pitching for Quad Cities Angels : LHP Casey Hagan
|
|
Batting: RHB Jeffery Carl
|
0-0: Ball 1-0: Called Strike 1-1: Ball 2-1: Fly out, F3 (Popup, 34, EV 71.3 MPH)
|
|
Batting: SHB Matt Gallegos
|
0-0: Ball 1-0: Called Strike 1-1: Ball 2-1: Foul Ball, location: 2F 2-2: Ground out 5-3 (Groundball, 56S, EV 73.8 MPH)
|
|
Batting: RHB George Hinshaw
|
0-0: Called Strike 0-1: SINGLE (Groundball, 4MS, EV 70.6 MPH) (infield hit)
|
|
Batting: RHB Robert Gilles
|
0-0: Ball 1-0: Foul Ball, location: 2F 1-1: Ball 2-1: Foul Ball, location: 2F 2-2: Fly out, F9 (Flyball, 9D, EV 106.9 MPH)
|
| Bottom of the 2nd over - 0 runs, 1 hit, 0 errors, 1 left on base; Quad Cities 0 - Appleton 3 |
| TOP OF THE 3RD |
|
Quad Cities Angels batting - Pitching for Appleton Foxes : RHP Mike Trujillo
|
|
Batting: RHB Greg Griffin
|
0-0: Ball 1-0: Ball 2-0: Foul Ball, location: 2F 2-1: Ball 3-1: Base on Balls
|
|
Batting: RHB Vito Lucarelli
|
0-0: Ball 1-0: Ball 2-0: Called Strike 2-1: Ball 3-1: Swinging Strike 3-2: Strikes out swinging Greg Griffin steals 2nd base Batter strikes out.
|
|
Batting: SHB Frank Diaz
|
0-0: Called Strike 0-1: Ball 1-1: Ball 2-1: Fly out, F9 (Flyball, 89D, EV 99.4 MPH) Runner from 2nd tags up, SAFE at 3rd, no throw by RF
|
|
Batting: RHB Rolando Roomes
|
0-0: Foul Ball, location: 2F 0-1: Ground out 1-3 (Groundball, 15S, EV 66.9 MPH)
|
| Top of the 3rd over - 0 runs, 0 hits, 0 errors, 1 left on base; Quad Cities 0 - Appleton 3 |
| BOTTOM OF THE 3RD |
|
Appleton Foxes batting - Pitching for Quad Cities Angels : LHP Casey Hagan
|
|
Batting: RHB Douglas Lulay
|
0-0: SOLO HOME RUN (Flyball, 78XD, EV 100.6 MPH), Distance : 428 ft
|
|
Batting: RHB Victor Mata
|
0-0: Swinging Strike 0-1: Fly out, F7 (Flyball, 7S, EV 86.9 MPH)
|
|
Batting: RHB Philip Sutton
|
0-0: Called Strike 0-1: Ball 1-1: Ball 2-1: Ball 3-1: Called Strike 3-2: TRIPLE (Line Drive, 78XD, EV 110.0 MPH)
|
|
Batting: LHB John Csefalvay
|
0-0: Ground out 5-3 (Groundball, 56, EV 86.3 MPH) Philip Sutton scores
|
|
Batting: LHB Brian Zell
|
0-0: Ball 1-0: Foul Ball, location: 2F 1-1: Ball 2-1: Called Strike 2-2: Foul Ball, location: 2F 2-2: Foul Ball, location: 2F 2-2: Foul Ball, location: 2F 2-2: Strikes out looking
|
| Bottom of the 3rd over - 2 runs, 2 hits, 0 errors, 0 left on base; Quad Cities 0 - Appleton 5 |
| TOP OF THE 4TH |
|
Quad Cities Angels batting - Pitching for Appleton Foxes : RHP Mike Trujillo
|
|
Batting: RHB Dionisio DeJesus
|
0-0: Swinging Strike 0-1: Swinging Strike 0-2: Ball 1-2: Ball 2-2: Strikes out swinging
|
|
Batting: LHB Bob Helsom
|
0-0: Called Strike 0-1: DOUBLE (Line Drive, 89D, EV 113.8 MPH)
|
|
Batting: RHB Mike Sharperson
|
0-0: Ball 1-0: Called Strike 1-1: Ball 2-1: Called Strike 2-2: Foul Ball, location: 2F 2-2: Ball 3-2: Foul Ball, location: 2F 3-2: Fly out, F8 (Flyball, 78XD, EV 80.6 MPH) Runner from 2nd tags up, SAFE at 3rd, no throw by CF
|
|
Batting: LHB Chuck Sandberg
|
0-0: Ball 1-0: Called Strike 1-1: Foul Ball, location: 2F 1-2: Foul Ball, location: 2F 1-2: Foul Ball, location: 2F 1-2: Ball 2-2: Foul Ball, location: 2F 2-2: Ground out U3 (Groundball, 34, EV 84.4 MPH)
|
| Top of the 4th over - 0 runs, 1 hit, 0 errors, 1 left on base; Quad Cities 0 - Appleton 5 |
| BOTTOM OF THE 4TH |
|
Appleton Foxes batting - Pitching for Quad Cities Angels : LHP Casey Hagan
|
|
Batting: RHB Jeffery Carl
|
0-0: Ball 1-0: Called Strike 1-1: Fly out, F9 (Flyball, 9, EV 84.4 MPH)
|
|
Batting: SHB Matt Gallegos
|
0-0: Called Strike 0-1: Swinging Strike 0-2: Ball 1-2: Strikes out swinging
|
|
Batting: RHB George Hinshaw
|
0-0: Ball 1-0: Ball 2-0: Ball 3-0: Base on Balls
|
|
Pitching: RHP Rickey Lear
|
|
|
Batting: RHB Robert Gilles
|
0-0: Ball 1-0: Ball 2-0: Ball 3-0: Called Strike 3-1: Called Strike 3-2: Foul Ball, location: 2F 3-2: Strikes out looking
|
| Bottom of the 4th over - 0 runs, 0 hits, 0 errors, 1 left on base; Quad Cities 0 - Appleton 5 |
| TOP OF THE 5TH |
|
Quad Cities Angels batting - Pitching for Appleton Foxes : RHP Mike Trujillo
|
|
Batting: RHB Oscar Mejia
|
0-0: Ball 1-0: Fly out, F8 (Line Drive, 8RD, EV 85.6 MPH)
|
|
Batting: RHB Greg Griffin
|
0-0: Swinging Strike 0-1: Ball 1-1: SINGLE (Groundball, 4D, EV 101.3 MPH)
|
|
Batting: RHB Vito Lucarelli
|
0-0: Ball 1-0: Ball 2-0: Called Strike 2-1: Ball 3-1: Base on Balls Greg Griffin to second
|
|
Batting: SHB Frank Diaz
|
0-0: Foul Ball, location: 2F 0-1: Foul Ball, location: 2F 0-2: Ball 1-2: Strikes out looking
|
|
Batting: RHB Rolando Roomes
|
0-0: Ball 1-0: Fielders Choice at 2nd, 6-4 (Groundball, 6, EV 87.5 MPH)
|
| Top of the 5th over - 0 runs, 1 hit, 0 errors, 2 left on base; Quad Cities 0 - Appleton 5 |
| BOTTOM OF THE 5TH |
|
Appleton Foxes batting - Pitching for Quad Cities Angels : RHP Rickey Lear
|
|
Batting: RHB Douglas Lulay
|
0-0: Ball 1-0: Foul Ball, location: 2F 1-1: Fly out, F7 (Flyball, 78S, EV 88.8 MPH)
|
|
Batting: RHB Victor Mata
|
0-0: Ball 1-0: Foul Ball, location: 2F 1-1: Called Strike 1-2: Ball 2-2: SINGLE (Line Drive, 34, EV 110.0 MPH)
|
|
Batting: RHB Philip Sutton
|
0-0: Called Strike Victor Mata is caught stealing 2nd base 2-4 0-1: Ground out 6-3 (Groundball, 6, EV 85.0 MPH)
|
| Bottom of the 5th over - 0 runs, 1 hit, 0 errors, 0 left on base; Quad Cities 0 - Appleton 5 |
| TOP OF THE 6TH |
|
Quad Cities Angels batting - Pitching for Appleton Foxes : RHP Mike Trujillo
|
|
Batting: RHB Dionisio DeJesus
|
0-0: Ball 1-0: Ball 2-0: Called Strike 2-1: Swinging Strike 2-2: Foul Ball, location: 2F 2-2: DOUBLE (Line Drive, 89M, EV 108.8 MPH)
|
|
Batting: LHB Bob Helsom
|
0-0: Swinging Strike 0-1: Foul Ball, location: 2F 0-2: Strikes out swinging
|
|
Batting: RHB Mike Sharperson
|
0-0: Called Strike 0-1: SINGLE (Groundball, 56S, EV 68.1 MPH) (infield hit) Dionisio DeJesus to third
|
|
Batting: LHB Chuck Sandberg
|
0-0: Foul Ball, location: 2F 0-1: Swinging Strike 0-2: Foul Ball, location: 2F Pickoff Throw to First - Out! 1-3 0-2: Ball 1-2: Ball 2-2: Fly out, F8 (Flyball, 8RD, EV 89.4 MPH)
|
| Top of the 6th over - 0 runs, 2 hits, 0 errors, 1 left on base; Quad Cities 0 - Appleton 5 |
| BOTTOM OF THE 6TH |
|
Appleton Foxes batting - Pitching for Quad Cities Angels : RHP Rickey Lear
|
|
Batting: LHB John Csefalvay
|
0-0: SINGLE (Groundball, 56S, EV 67.5 MPH) (infield hit)
|
|
Batting: LHB Brian Zell
|
0-0: Ball 1-0: SINGLE (Groundball, 34D, EV 105.0 MPH) John Csefalvay to second Runner from 2nd tries for 3rd, SAFE, no throw by RF
|
|
Batting: RHB Jeffery Carl
|
0-0: Swinging Strike 0-1: Ball 1-1: Foul Ball, location: 2F 1-2: Strikes out swinging
|
|
Batting: SHB Matt Gallegos
|
0-0: Ball Brian Zell steals 2nd, throwing error, E2 John Csefalvay scores Brian Zell to third 1-0: Ball 2-0: Ball 3-0: Base on Balls
|
|
Batting: RHB George Hinshaw
|
0-0: Fly out, F9 (Line Drive, 9, EV 91.3 MPH)
|
|
Batting: RHB Robert Gilles
|
0-0: Ball 1-0: Ball 2-0: 3-RUN HOME RUN (Flyball, 7D, EV 98.1 MPH), Distance : 357 ft
|
|
Batting: RHB Douglas Lulay
|
0-0: Called Strike 0-1: Fly out, F7 (Flyball, 7LD, EV 98.1 MPH)
|
| Bottom of the 6th over - 4 runs, 3 hits, 1 error, 0 left on base; Quad Cities 0 - Appleton 9 |
| TOP OF THE 7TH |
|
Quad Cities Angels batting - Pitching for Appleton Foxes : RHP Mike Trujillo
|
|
Pinch Hitting: RHB James Poff
|
0-0: Ball 1-0: Swinging Strike 1-1: Ball 2-1: Called Strike 2-2: Foul Ball, location: 2F 2-2: Ball 3-2: Foul Ball, location: 2F 3-2: Strikes out swinging
|
|
Batting: RHB Greg Griffin
|
0-0: Ball 1-0: Ball 2-0: Ball 3-0: Base on Balls
|
|
Batting: RHB Vito Lucarelli
|
0-0: Ball 1-0: Called Strike 1-1: Called Strike 1-2: Foul Ball, location: 2F 1-2: Ball 2-2: Foul Ball, location: 2F 2-2: Grounds into double play, 6-4-3 (Groundball, 6MD, EV 102.5 MPH)
|
| Top of the 7th over - 0 runs, 0 hits, 0 errors, 0 left on base; Quad Cities 0 - Appleton 9 |
| BOTTOM OF THE 7TH |
|
Appleton Foxes batting - Pitching for Quad Cities Angels : RHP Rickey Lear
|
|
Now at 3B: James Poff
|
|
|
Batting: RHB Victor Mata
|
0-0: Ball 1-0: DOUBLE (Line Drive, 89M, EV 95.0 MPH)
|
|
Batting: RHB Philip Sutton
|
0-0: Ground out 4-3 (Groundball, 4M, EV 103.8 MPH) Victor Mata to third
|
|
Batting: LHB John Csefalvay
|
0-0: Ball 1-0: Ball 2-0: Called Strike 2-1: Ball 3-1: Base on Balls
|
|
Batting: LHB Brian Zell
|
0-0: Ball 1-0: Swinging Strike 1-1: Ball 2-1: Foul Ball, location: 2F 2-2: Fly out, F9 (Flyball, 9LD, EV 97.5 MPH) Runner from 3rd tags up, SCORES, throw by RF
|
|
Batting: RHB Jeffery Carl
|
0-0: Ball 1-0: Fly out, F8 (Flyball, 8RS, EV 96.9 MPH)
|
| Bottom of the 7th over - 1 run, 1 hit, 0 errors, 1 left on base; Quad Cities 0 - Appleton 10 |
| TOP OF THE 8TH |
|
Quad Cities Angels batting - Pitching for Appleton Foxes : RHP Mike Trujillo
|
|
Batting: SHB Frank Diaz
|
0-0: Ball 1-0: Called Strike 1-1: Ball 2-1: Swinging Strike 2-2: Ball 3-2: Strikes out swinging
|
|
Batting: RHB Rolando Roomes
|
0-0: Called Strike 0-1: Foul Ball, location: 2F 0-2: Ball 1-2: Strikes out swinging
|
|
Batting: RHB Dionisio DeJesus
|
0-0: Called Strike 0-1: Swinging Strike 0-2: Ball 1-2: Ball 2-2: Strikes out swinging
|
| Top of the 8th over - 0 runs, 0 hits, 0 errors, 0 left on base; Quad Cities 0 - Appleton 10 |
| BOTTOM OF THE 8TH |
|
Appleton Foxes batting - Pitching for Quad Cities Angels : RHP Rickey Lear
|
|
Batting: SHB Matt Gallegos
|
0-0: Ball 1-0: Called Strike 1-1: Called Strike 1-2: Foul Ball, location: 2F 1-2: Ball 2-2: Foul Ball, location: 2F 2-2: Ball 3-2: Base on Balls
|
|
Pitching: RHP David Mangrum
|
|
|
Batting: RHB George Hinshaw
|
0-0: Ball 1-0: Called Strike 1-1: Foul Ball, location: 2F 1-2: Foul Ball, location: 2F 1-2: Foul Ball, location: 2F 1-2: Fly out, F8 (Line Drive, 8RD, EV 99.4 MPH)
|
|
Batting: RHB Robert Gilles
|
0-0: Called Strike 0-1: Foul Ball, location: 2F 0-2: Ball Wild Pitch! Matt Gallegos to second 1-2: Ball 2-2: Strikes out looking
|
|
Batting: RHB Douglas Lulay
|
0-0: Called Strike 0-1: Foul Ball, location: 2F 0-2: Ball 1-2: SINGLE (Groundball, 56S, EV 98.8 MPH) Matt Gallegos to third Runner from 3rd tries for Home, SAFE, throw by LF to home Douglas Lulay to second
|
|
Batting: RHB Victor Mata
|
0-0: Swinging Strike 0-1: Ball 1-1: Ball 2-1: Ground out 6-3 (Groundball, 6S, EV 67.5 MPH)
|
| Bottom of the 8th over - 1 run, 1 hit, 0 errors, 1 left on base; Quad Cities 0 - Appleton 11 |
| TOP OF THE 9TH |
|
Quad Cities Angels batting - Pitching for Appleton Foxes : RHP Mike Trujillo
|
|
Batting: LHB Bob Helsom
|
0-0: Ball 1-0: Ball 2-0: Called Strike 2-1: SINGLE (Flyball, 6D, EV 88.1 MPH)
|
|
Batting: RHB Mike Sharperson
|
0-0: Ball 1-0: Ball 2-0: Called Strike 2-1: Ball 3-1: Base on Balls Bob Helsom to second
|
|
Batting: LHB Chuck Sandberg
|
0-0: Grounds into double play, U6-3 (Groundball, 4M, EV 77.5 MPH) Bob Helsom to third
|
|
Batting: RHB James Poff
|
0-0: Called Strike 0-1: Foul Ball, location: 2F 0-2: Ball 1-2: Ball Wild Pitch! Bob Helsom scores 2-2: Strikes out swinging
|
| Top of the 9th over - 1 run, 1 hit, 0 errors, 0 left on base; Quad Cities 1 - Appleton 11 |
|